 Dungeon Crawl Stone Soup version 0.30-a0-878-gc727b3d3d6 (webtiles) character file.

Game seed: 14017728581549028137

57484 Conn the Thaumaturge (level 14, -2/84 HPs)
             Began as an Octopode Fire Elementalist on Mar 11, 2023.
             Was a High Priest of Sif Muna.
             Killed by an exploding elephant (20 damage)
             ... ignited by their inner flame
             ... on level 5 of the Lair of Beasts on Mar 12, 2023.
             The game lasted 01:39:38 (21534 turns).

Conn the Thaumaturge (Octopode Fire Elementalist)  Turns: 21534, Time: 01:39:38

Health: -2/84      AC:  1    Str: 15    XL:     14   Next: 86%
Magic:  0/49       EV: 14    Int: 25    God:    Sif Muna [*****.]
Gold:   268        SH:  0    Dex: 12    Spells: 1/39 levels left

rFire   + . .      SeeInvis .    d - staff of fire
rCold   + + +      Faith    .    (no shield)
rNeg    + . .      Spirit   +    (helmet restricted)
rPois   .          Reflect  .    c - amulet of Xom's Flight of Fancy {Spirit rC++ Int+4}
rElec   .          Rampage  .    i - ring of positive energy
rCorr   .                        m - ring of fire
Will    +....                    A - +4 ring of slaying
Stlth   ++++                     J - +6 ring of strength
HPRegen 0.34/turn                K - ring of magical power
MPRegen 0.31/turn                R - ring of magical power
                                 V - ring of ice
                                 k - ring of protection from cold

@: studying Shields
A: almost no armour, amphibious, 8 rings, camouflage 1, gelatinous body 1,
(nimble swimmer 1), tentacles
a: Renounce Religion, Channel Magic, Forget Spell, Divine Exegesis


You were on level 5 of the Lair of Beasts.
You worshipped Sif Muna.
Sif Muna was extremely pleased with you.
You visited 4 branches of the dungeon, and saw 18 of its levels.
You also visited: Ice Cave.

You collected 1543 gold pieces.
You spent 1275 gold pieces at shops.

Inventory:

Hand Weapons
 g - a +3 dagger of venom
 n - the +0 spear of Disembowelment {heavy, rF+ Dex+3}
   (You took it off a hobgoblin on level 3 of the Dungeon)

   Dex:       It affects your dexterity (+3).
   rF:        It protects you from fire.
 w - a +3 flail of protection
 L - the +4 rapier of Sell {speed, MP+9 Str+7}
   (You bought it in a shop on level 2 of the Orcish Mines)

   Str:       It affects your strength (+7).
   MP:        It affects your magic capacity (+9).
Missiles
 v - a throwing net (quivered)
Magical Staves
 d - a staff of fire (weapon)
 e - a staff of earth
 Q - a staff of cold
Jewellery
 c - the amulet of Xom's Flight of Fancy (around mantle) {Spirit rC++ Int+4}
   (You bought it in a shop on level 2 of the Orcish Mines)

   [amulet of guardian spirit]

   It causes incoming damage to be divided between your reserves of health and
   magic.
   Int:       It affects your intelligence (+4).
   rC:        It greatly protects you from cold.
 i - a ring of positive energy (left tentacle)
 k - a ring of protection from cold (on tentacle)
 m - a ring of fire (right tentacle)
 x - an amulet of the acrobat
 y - an amulet of guardian spirit
 A - a +4 ring of slaying (on tentacle)
 J - a +6 ring of strength (on tentacle)
 K - a ring of magical power (on tentacle)
 R - a ring of magical power (on tentacle)
 V - a ring of ice (on tentacle)
Wands
 q - a wand of flame (36)
 u - a wand of light (21)
 D - a wand of paralysis (3)
 E - a wand of polymorph (11)
 T - a wand of mindburst (14)
 Y - a wand of digging (7)
Scrolls
 h - 4 scrolls of poison
 l - 2 scrolls of enchant armour
 p - 4 scrolls of enchant weapon
 s - 4 scrolls of teleportation
 C - 2 scrolls of immolation
 F - 2 scrolls of fear {unknown}
 H - a scroll of noise {unknown}
 M - a scroll of torment {unknown}
 N - a scroll of summoning
 S - a scroll of amnesia {unknown}
 W - a scroll of fog {unknown}
Potions
 a - a potion of resistance
 b - 7 potions of curing
 f - a potion of invisibility
 r - a potion of lignification
 t - a potion of berserk rage
 z - a potion of ambrosia {unknown}
 B - 4 potions of haste
 G - 3 potions of might {unknown}
 I - a potion of cancellation {unknown}
 O - a potion of attraction {unknown}
 U - a potion of mutation {unknown}
 X - a potion of flight {unknown}
Miscellaneous
 P - a phial of floods


   Skills:
 + Level 3.6 Fighting
 + Level 0.5 Short Blades
 + Level 3.0(3.2) Polearms
 + Level 1.2(2.3) Staves
 + Level 2.7 Throwing
 + Level 5.2 Dodging
 + Level 7.4 Stealth
 + Level 13.4 Spellcasting
 * Level 10.7 Conjurations
 + Level 3.5 Hexes
 + Level 0.3 Translocations
 - Level 4.0 Transmutations
 + Level 13.2 Fire Magic
 * Level 6.3 Ice Magic
 + Level 6.1 Invocations


You had one spell level left.
You knew the following spells:

 Your Spells              Type           Power      Damage    Failure   Level
a - Foxfire               Conj/Fire      100%       2x1d9     1%          1
b - Iskenderun's Mystic   Conj/Tloc      44%        2d10      3%          4
c - Inner Flame           Hex/Fire       93%        N/A       1%          3
d - Flame Wave            Conj/Fire      100%       2d21      1%          4
e - Scorch                Fire           100%       2d10      1%          2
f - Ozocubu's Armour      Ice            64%        N/A       1%          3
g - Fulminant Prism       Conj/Hex       25%        3d14      1%          4
h - Hailstorm             Conj/Ice       73%        3d15      1%          3
i - Irradiate             Conj/Tmut      26%        3d20      4%          5
j - Metabolic Englaciati  Hex/Ice        29%        N/A       13%         5
k - Summon Ice Beast      Ice/Summ       49%        N/A       10%         4

Your spell library contained the following spells:

 Spells                   Type           Power      Damage    Failure   Level
 Freeze                   Ice            100%       1d10      1%          1
 Sting                    Tmut/Pois      100%       1d8       1%          1
 Necrotise                Necr           64%        1d7       3%          1
 Frozen Ramparts          Ice            100%       1d16      1%          3
 Kindle Blastsparks       Fire/Tloc/Air  100%       2d18      1%          3
 Poisonous Vapours        Pois/Air       32%        N/A       5%          2
 Vampiric Draining        Necr           16%        2d7       11%         3
 Leda's Liquefaction      Hex/Erth       12%        N/A       17%         4
 Blade Hands              Tmut           18%        N/A       19%         5
 Olgreb's Toxic Radiance  Pois           16%        N/A       34%         4
 Agony                    Necr           16%        N/A       67%         5
 Lee's Rapid Deconstruct  Erth           8%         3d7*      67%         5
 Ozocubu's Refrigeration  Ice            32%        4d14      91%         7
 Dragon Form              Tmut           18%        N/A       99%         7
 Lehudib's Crystal Spear  Conj/Erth      21%        10d6      100%        8


Dungeon Overview and Level Annotations

Branches:
Dungeon (10/15)            Temple (1/1) D:5            Lair (5/5) D:8
 Shoals (0/4) Lair:2       Spider (0/4) Lair:3          Orc (2/2) D:10
    Elf (0/3) Orc:2         IceCv (visited)
  Slime: Lair:4-5

Altars:
Ashenzari
Cheibriados
Dithmenos
Elyvilon
Fedhas
Gozag
Hepliaklqana
Kikubaaqudgha
Makhleb
Nemelex Xobeh
Okawaru
Qazlal
Ru
Sif Muna
Trog
Uskayaw
Vehumet
Wu Jian
Xom
Yredelemnul
Zin
The Shining One

Shops:
D:4 :   Orc:2 (=[*

Annotations:
D:7 1 runed translucent door, Querens's ghost, novice GrFi
Lair:3 2 transporters, crabbyslav's ghost, journeyman DrWr


Innate Abilities, Weirdness & Mutations

You cannot wear most types of armour.
You are amphibious.
You can wear up to eight rings at the same time.
Your skin changes colour to match your surroundings (Stealth+).
Your rubbery body absorbs attacks. (AC +1, EV +1)
((You are camouflaged when in or above water. (Stealth+)))
You have tentacles for arms and can constrict up to eight enemies at once.


Message History

Confirm with . or Enter, or press ? or * to list all spells.
You feel a strong surge of power!
Flames lash the elephant.
The elephant is lightly wounded.
The elephant's fire resistance burns away.
The elephant is engulfed in blazing flames.
Flame seeps out of the elephant.
Unknown command.
Unknown command.
Unknown command.
Casting: Scorch (safe; 1% risk of failure)
Confirm with . or Enter, or press ? or * to list all spells.
Casting: Flame Wave (safe; 1% risk of failure)
Press: ? - help, Dir - look around, f - activate You feel a strong surge of power!
A wave of flame ripples out!
The flame wave engulfs the elephant!!!
The elephant is burned terribly!
Sif Muna accepts your kill.
The flame wave engulfs the elephant!
The elephant is burned terribly!
The elephant is moderately wounded. (Press . to intensify the flame waves.)
The elephant explodes!
The fiery explosion engulfs the elephant!!
The elephant is burned terribly!
The elephant is severely wounded.
The fiery explosion engulfs you!! You resist.
* * * LOW HITPOINT WARNING * * *
The fiery explosion engulfs the elephant!!!
The elephant is burned terribly!
Sif Muna accepts your kill.
The fiery explosion engulfs the cane toad!!
The cane toad is severely wounded.
The elephant explodes!
The fiery explosion engulfs the cane toad!!
You kill the cane toad!
Sif Muna accepts your kill.
The fiery explosion engulfs the elephant!!!
The elephant is burned terribly!
You kill the elephant!
Sif Muna accepts your kill. The fiery explosion engulfs you!! You resist.
You die...

P........
#........
#...#....(
#.$....#(.
##.........
....#.....
##..#...#..
#§@§†......
#§§§##..P.
. ##§°.# .
. #§§.# ..#
...## ...
##... #.
...# # #...
# #.(.


There were no monsters in sight!

Vanquished Creatures
  An azure jelly (IceCv)
  An orc warlord (Orc:2)
  Fannar (Lair:2)
  4 hydras
  A boulder beetle (Lair:2)
  5 death yaks (Lair:4)
  2 orc high priests
  4 skysharks
  Amaemon (Lair:1)
  Pikel (D:5)
  4 orc knights (Orc:2)
  2 orc sorcerers (Orc:2)
  A cyclops (Orc:2)
  2 black mambas
  12 elephants
  2 ice statues (IceCv)
  A water nymph (Lair:2)
  An orange demon (Lair:1)
  Maggie (Lair:1)
  8 cane toads
  3 rime drakes
  Psyche (D:9)
  8 komodo dragons
  5 trolls
  A polar bear (Lair:5)
  A hornet (D:10)
  14 blink frogs
  A jumping spider (Lair:3)
  27 slime creatures (IceCv)
  A wraith (D:10)
  55 yaks
  2 steam dragons
  3 wyverns
  Grum (D:8)
  5 basilisks
  9 vampire mosquitoes
  Edmund (D:4)
  6 wargs
  5 acid dragons
  9 water moccasins
  3 ice beasts
  14 orc warriors
  A black bear (D:5)
  2 great orb of eyes simulacra (IceCv)
  3 ogres (Orc:1)
  18 wolves
  2 lemures (D:5)
  4 centaurs
  3 slime creature simulacra (IceCv)
  2 kobold brigands
  9 bullfrogs
  3 glowing shapeshifter simulacra (IceCv)
  A jelly (D:5)
  2 scorpions
  4 wights (D:9)
  16 killer bees
  4 electric eels (D:8)
  A howler monkey (D:8)
  8 hounds
  16 orc priests
  Crazy Yiuf (D:4)
  Ijyb (D:3)
  A sleepcap (D:5)
  An iguana (D:4)
  18 orc wizards
  2 shapeshifter simulacra (IceCv)
  4 gnolls (Orc:2)
  10 adders
  2 white imps
  3 ufetubi
  2 dart slugs
  52 orcs
  5 endoplasms
  3 giant cockroaches
  4 hobgoblins
  8 jackals
  12 kobolds
  4 quokkas
  6 ball pythons
  8 bats
  2 frilled lizards (D:1)
  11 goblins
  5 rats
  A bush (Lair:3)
  2 butterflies (Lair:3)
497 creatures vanquished.

Vanquished Creatures (collateral kills)
  An ettin (Orc:1)
  2 trolls (Orc:1)
  A warg (Orc:1)
  An orc warrior (Orc:1)
  An orc priest (Orc:1)
  2 orcs (Orc:1)
  9 foxfires
17 creatures vanquished.

Vanquished Creatures (others)
  A quicksilver ooze (IceCv)
  A rime drake (Lair:5)
  An orc wizard (Orc:2)
  1156 foxfires
  11 fulminant prisms
  30 fungi
  96 plants
  2 withered plants (D:1)
1298 creatures vanquished.

Grand Total: 1812 creatures vanquished

Notes
Turn   | Place    | Note
-------+----------+-------------------------------------------
     0 | D:1      | Conn the Octopode Fire Elementalist began the quest for the
                  | Orb.
     0 | D:1      | Reached XP level 1. HP: 11/11 MP: 3/3
   311 | D:1      | Reached XP level 2. HP: 9/17 MP: 1/5
   464 | D:1      | Found a faded altar of an unknown god.
  1437 | D:2      | Reached XP level 3. HP: 21/21 MP: 0/6
  1673 | D:2      | Learned a level 2 spell: Scorch
  1677 | D:2      | Learned a level 3 spell: Inner Flame
  1947 | D:3      | Identified the +0 spear of Disembowelment {heavy, rF+
                  | Dex+3}
  2156 | D:3      | Reached XP level 4. HP: 25/27 MP: 7/7
  2296 | D:3      | Reached XP level 5. HP: 21/31 MP: 1/8
  2838 | D:3      | Noticed Ijyb
  2849 | D:3      | Killed Ijyb
  3041 | D:4      | Reached skill level 1 in Polearms
  3133 | D:4      | Found Vidanka's Book Shop.
  3191 | D:4      | Reached XP level 6. HP: 37/37 MP: 6/10
  3267 | D:4      | Learned a level 4 spell: Flame Wave
  3793 | D:4      | Noticed Edmund
  3801 | D:4      | Killed Edmund
  3802 | D:4      | Reached skill level 1 in Fighting
  3802 | D:4      | Reached XP level 7. HP: 25/43 MP: 1/12
  4072 | D:4      | Found a runed translucent door.
  4073 | D:4      | Noticed Crazy Yiuf
  4079 | D:4      | Killed Crazy Yiuf
  4268 | D:5      | Entered Level 5 of the Dungeon
  4271 | D:5      | Noticed Pikel
  4283 | D:5      | Reached skill level 5 in Stealth
  4283 | D:5      | Killed Pikel
  4284 | D:5      | Reached skill level 1 in Hexes
  4284 | D:5      | Reached skill level 5 in Fire Magic
  4284 | D:5      | Reached XP level 8. HP: 25/49 MP: 5/14
  4372 | D:4      | Identified a scroll of acquirement
  4373 | D:4      | Acquired a staff of fire
  4648 | D:5      | Reached skill level 5 in Spellcasting
  4758 | D:5      | Found a bloodstained altar of Trog.
  4890 | D:5      | Found a hazy altar of Hepliaklqana.
  4917 | D:5      | Found a staircase to the Ecumenical Temple.
  4926 | Temple   | Entered the Ecumenical Temple
  5011 | Temple   | Became a worshipper of Sif Muna the Loreminder
  5467 | D:6      | Reached XP level 9. HP: 54/54 MP: 0/18
  5852 | D:7      | Found a runed translucent door.
  5852 | D:7      | Found a shimmering altar of Xom.
  5852 | D:7      | Noticed Querens's ghost (novice GrFi)
  5852 | D:7      | Noticed a +0 hand axe of chaos
  5902 | D:7      | Reached skill level 1 in Invocations
  6061 | D:7      | Found a shadowy altar of Dithmenos.
  6410 | D:6      | You fall into a shaft and drop 1 floor!
  6660 | D:8      | Reached * piety under Sif Muna
  6677 | D:8      | Noticed a troll
  6681 | D:8      | Killed a troll
  6997 | D:8      | Found a staircase to the Lair.
  7077 | D:8      | Reached XP level 10. HP: 35/60 MP: 8/21
  7208 | D:8      | Noticed Grum
  7232 | D:8      | Killed Grum
  7233 | D:8      | Reached skill level 5 in Conjurations
  7807 | D:8      | Found a basalt altar of Yredelemnul.
  7809 | D:8      | Found a shimmering altar of Xom.
  7809 | D:8      | Found a blossoming altar of Fedhas.
  7811 | D:8      | Found a sparkling altar of Nemelex Xobeh.
  7811 | D:8      | Found a stormy altar of Qazlal.
  7811 | D:8      | Found a bloodstained altar of Trog.
  8298 | D:9      | Reached ** piety under Sif Muna
  8476 | D:9      | Reached skill level 5 in Invocations
  8880 | D:9      | Upgraded the game from 0.30-a0-870-gc5d4c5acee to
                  | 0.30-a0-878-gc727b3d3d6
  8985 | D:9      | Noticed Psyche
  8992 | D:9      | Killed Psyche
  9039 | D:9      | Learned a level 4 spell: Iskenderun's Mystic Blast
  9043 | D:9      | Learned a level 3 spell: Ozocubu's Armour
  9048 | D:9      | Learned a level 4 spell: Fulminant Prism
  9185 | D:10     | Entered Level 10 of the Dungeon
  9320 | D:10     | Found a glowing silver altar of Zin.
  9357 | D:10     | Reached XP level 11. HP: 62/64 MP: 9/23
  9487 | D:10     | Found a staircase to the Orcish Mines.
  9494 | D:10     | Reached skill level 1 in Ice Magic
 10060 | D:10     | Reached *** piety under Sif Muna
 10558 | Orc:1    | Entered Level 1 of the Orcish Mines
 10814 | Orc:2    | Entered Level 2 of the Orcish Mines
 11018 | Orc:2    | Noticed an orc knight
 11438 | Orc:2    | Found a staircase to the Elven Halls.
 11456 | Orc:2    | Noticed an orc knight
 11461 | Orc:2    | Killed an orc knight
 11465 | Orc:2    | Noticed an orc sorcerer
 11644 | Orc:2    | Noticed an orc high priest
 11650 | Orc:2    | Killed an orc high priest
 11684 | Orc:2    | Noticed an orc knight
 11695 | Orc:2    | Killed an orc knight
 11844 | Orc:2    | Noticed an orc sorcerer
 11846 | Orc:2    | Noticed a sixfirhy
 11847 | Orc:2    | Killed an orc sorcerer
 11848 | Orc:2    | Reached skill level 10 in Spellcasting
 11850 | Orc:2    | Killed an orc sorcerer
 11851 | Orc:2    | Reached skill level 10 in Fire Magic
 11861 | Orc:2    | Reached skill level 1 in Throwing
 11994 | Orc:2    | Noticed an orc warlord
 12007 | Orc:2    | Noticed an orc knight
 12009 | Orc:2    | Reached XP level 12. HP: 70/70 MP: 22/26
 12021 | Orc:2    | Killed an orc warlord
 12450 | Orc:2    | Found Kocs's Jewellery Emporium.
 12488 | Orc:2    | Found Piddov's General Store.
 12505 | Orc:2    | Found Hiheufil's Antique Armour Emporium.
 12730 | Orc:2    | Reached **** piety under Sif Muna
 12970 | Orc:1    | Noticed an ettin
 12977 | Orc:1    | Killed an ettin
 12978 | Orc:1    | Reached skill level 1 in Staves
 12980 | Orc:1    | Noticed an orc high priest
 12994 | Orc:1    | Killed an orc high priest
 13384 | Orc:1    | Reached skill level 5 in Ice Magic
 13684 | Orc:2    | Bought the amulet of Xom's Flight of Fancy {Spirit rC++
                  | Int+4} for 817 gold pieces
 13694 | Orc:2    | Bought a ring of magical power for 260 gold pieces
 13865 | Orc:2    | Found Bacwut Ninn's Antique Weapon Emporium.
 13871 | Orc:2    | Bought an ancient rapier for 198 gold pieces
 13871 | Orc:2    | Identified the +4 rapier of Sell {speed, MP+9 Str+7} (You
                  | bought it in a shop on level 2 of the Orcish Mines)
 14250 | Lair:1   | Entered Level 1 of the Lair of Beasts
 14432 | Lair:1   | Noticed Amaemon
 14439 | Lair:1   | Killed Amaemon
 14930 | Lair:1   | Reached XP level 13. HP: 76/76 MP: 27/28
 15033 | Lair:1   | Noticed Maggie
 15039 | Lair:1   | Killed Maggie
 15845 | Lair:2   | HP: 3/76 [poisoned by a black mamba]
 16349 | Lair:2   | Noticed Fannar
 16355 | Lair:2   | Killed Fannar
 17253 | Lair:3   | Reached ***** piety under Sif Muna
 17360 | Lair:3   | Found a transporter.
 17364 | Lair:3   | Noticed crabbyslav's ghost (journeyman DrWr)
 17375 | Lair:3   | Found a transporter.
 17504 | Lair:3   | Received a gift from Sif Muna
 17505 | Lair:3   | Got Sif Muna's Almanac of Underground Freezing {god gift}
 17510 | Lair:3   | Learned a level 3 spell: Hailstorm
 17516 | Lair:3   | Learned a level 5 spell: Irradiate
 17727 | Lair:3   | Found a hole to the Spider Nest.
 18374 | Lair:4   | Reached skill level 1 in Transmutations
 18498 | Lair:4   | Reached XP level 14. HP: 37/81 MP: 11/30
 19032 | Lair:4   | Reached skill level 10 in Conjurations
 19274 | Lair:5   | Entered Level 5 of the Lair of Beasts
 19742 | Lair:5   | Found a frozen archway.
 19751 | IceCv    | Entered an ice cave
 20591 | IceCv    | Reached skill level 5 in Dodging
 20771 | IceCv    | Noticed a quicksilver ooze
 20777 | IceCv    | Killed a quicksilver ooze
 20854 | IceCv    | Found a viscous altar of Jiyva.
 20854 | IceCv    | Noticed an azure jelly
 20866 | IceCv    | Killed an azure jelly
 21225 | IceCv    | Got Mickomp's Tome of Algor
 21238 | IceCv    | Learned a level 5 spell: Metabolic Englaciation
 21243 | IceCv    | Learned a level 4 spell: Summon Ice Beast
 21355 | Lair:5   | Received a gift from Sif Muna
 21534 | Lair:5   | Killed by an exploding elephant... ignited by their inner
                  | flame

Illustrated notes

Levels and vault maps discovered:
D:1:      dpeg_arrival_refuge, layout_loops_ring,
          shapermc_ecumenical_altar_flowoftime, amcnicky_mini_pool_small,
          minmay_tall_x
D:2:      layout_loops_ring, serial_glass, glass_columns_c, glass_columns_b,
          glass_columns_a, glass_columns_a, glass_columns_b, glass_columns_b
D:3:      kennysheep_goblin_castle, layout_rooms, hex_medium
D:4:      layout_loops_corners, serial_shops, shop, uniq_crazy_yiuf_cottage,
          uniq_edmund
D:5:      layout_gridville, mainiacjoe_overflow_big_doors,
          minmay_temple_entry_tees, uniq_pikel
D:6:      nicolae_cairo_tiling_large_dashed, layout_basic, uniq_grinder
D:7:      layout_basic, grunt_dithmenos_smoke, ebering_ghost_xom
D:8:      layout_cave_pools, doesnt_xom_only_xom, erik_lair_island, uniq_grum
D:9:      layout_loops_cross, uniq_psyche
D:10:     layout_irregular_city, lemuel_crystal_altar,
          minmay_orc_entry_guard_dogs
Temple:   nicolae_temple_bog_church
Lair:1:   layout_chaotic_city, uniq_amaemon, uniq_maggie
Lair:2:   layout_regular_city, nicolae_shoals_entry_flooding, uniq_fannar
Lair:3:   layout_loops_ring, spider_nest_entry_rubble,
          gammafunk_ghost_berserking_beasts, grunt_megastairs_1,
          lemuel_fruit_fields
Lair:4:   layout_misc_corridors, serial_bayou_shore_b
Lair:5:   minmay_lair_end_frog_pond, layout_long_grid, slime_entry_1,
          portal_ice_cave_entry_pillars_1
Orc:1:    layout_diamond_mine
Orc:2:    grunt_orc_cross, layout_caves, basic_altar

Skill      XL: |  1  2  3  4  5  6  7  8  9 10 11 12 13 14 |
---------------+-------------------------------------------+-----
Stealth        | 3 4 5 6 7 |  7.4
Polearms       | 1 2 3 |  3.0
Conjurations   | 2 3 4 6 7 8 9 10 | 10.7
Spellcasting   | 3 4 6 7 8 10 11 12 13 | 13.4
Fire Magic     | 4 5 6 7 8 10 11 12 13 | 13.2
Dodging        | 3 4 5 |  5.2
Fighting       | 1 2 3 |  3.6
Hexes          | 1 2 3 |  3.5
Invocations    | 3 5 6 |  6.1
Ice Magic      | 3 5 6 |  6.3
Throwing       | 1 2 |  2.7
Staves         | 1 |  1.2
Transmutations | 2 4 |  4.0
Short Blades   | |  0.5
Translocations | |  0.3

Action                     |  1- 3 |  4- 6 |  7- 9 | 10-12 | 13-15 || total
---------------------------+-------+-------+-------+-------+-------++-------
  Melee: Short sword       |     6 |       |       |       |       ||     6
         Constrict         |     9 |    10 |     5 |     7 |     2 ||    33
         Unarmed           |     2 |       |       |       |       ||     2
         Tentacles         |     5 |    10 |     5 |     7 |     2 ||    29
         Dagger            |    24 |       |       |       |       ||    24
         Staff             |     1 |       |     7 |    27 |    12 ||    47
         Spear             |     5 |    47 |    12 |       |       ||    64
         Punch             |       |       |     1 |     2 |       ||     3
  Throw: Dart              |       |     2 |       |    11 |    13 ||    26
   Cast: Foxfire           |    47 |    23 |    89 |   317 |   191 ||   667
         Scorch            |     1 |    19 |    33 |    79 |    95 ||   227
         Inner Flame       |       |     1 |    11 |    36 |    20 ||    68
         Flame Wave        |       |       |     1 |    25 |    62 ||    88
         Ozocubu's Armour  |       |       |       |     6 |    14 ||    20
         Iskenderun's Myst |       |       |       |     2 |    17 ||    19
         Fulminant Prism   |       |       |       |     1 |    10 ||    11
         Metabolic Englaci |       |       |       |       |     4 ||     4
         Hailstorm         |       |       |       |       |     2 ||     2
 Invoke: Channel Magic     |       |       |       |     4 |     6 ||    10
  Evoke: Wand              |       |       |       |       |     1 ||     1
         Phial of floods   |       |       |       |       |     1 ||     1
    Use: Scroll            |       |       |     9 |     2 |     9 ||    20
         Potion            |       |       |     6 |     1 |    13 ||    20
   Stab: Sleeping          |     8 |     7 |     4 |     1 |     1 ||    21
 Armour: Skin              |     4 |     6 |     4 |    23 |    46 ||    83
  Dodge: Dodged            |     9 |    59 |    79 |    88 |   106 ||   341

Table legend: (Time is in decaauts)
 A = Elapsed time spent in this place.
 B = Non-inter-level travel time spent in this place.
 C = Inter-level travel time spent in this place.
 D = Time resting spent in this place.
 E = Time spent auto-exploring this place.
 F = Levels seen in this place.
 G = Mean time per level.
                   A        B        C        D        E       F      G
               +--------+--------+--------+--------+--------+-----+--------+
         Total |  21530 |  21044 |    486 |   1565 |  15050 |  19 | 1133.2 |
       Dungeon |  10611 |  10314 |    297 |    148 |   8150 |  10 | 1061.1 |
        Temple |    102 |     85 |     17 |      0 |     67 |   1 |  102.0 |
          Lair |   5651 |   5560 |     91 |    313 |   4125 |   5 | 1130.2 |
  Orcish Mines |   3575 |   3495 |     80 |    853 |   1828 |   2 | 1787.5 |
      Ice Cave |   1590 |   1590 |      0 |    251 |    880 |   1 | 1590.0 |
               +--------+--------+--------+--------+--------+-----+--------+

Top non-repeatable levels by time:
   Orc:2: 2294 daAuts
   IceCv: 1590 daAuts
  Lair:4: 1539 daAuts
    D:10: 1469 daAuts
     D:4: 1439 daAuts
     D:8: 1358 daAuts
  Lair:2: 1338 daAuts
   Orc:1: 1280 daAuts
  Lair:3: 1258 daAuts
     D:9: 1255 daAuts
  Lair:1: 1195 daAuts
     D:3: 1109 daAuts
     D:7: 1081 daAuts
     D:1: 1019 daAuts
     D:2: 852 daAuts
